 Dungeon Crawl Stone Soup version 0.26.1-11-gd32895ea62 (webtiles) character file.

Game seed: 17428864808527652731

292 seveneves the Poker (level 6, 0/47 HPs)
             Began as a Merfolk Gladiator on July 19, 2021.
             Was an Initiate of Qazlal.
             Slain by a river rat (1 damage)
             ... summoned by Eustachio
             ... on level 5 of the Dungeon.
             The game lasted 00:14:06 (2982 turns).

seveneves the Poker (Merfolk Gladiator)             Turns: 2982, Time: 00:14:07

Health: 0/47       AC:  9    Str: 15    XL:     6   Next: 33%
Magic:  6/6        EV:  8    Int:  9    God:    Qazlal [......]
Gold:   209        SH:  9    Dex: 15    Spells: 5/5 levels left

rFire    . . .     SeeInvis .   a - +0 trident
rCold    . . .     Faith    .   p - +0 buckler
rNeg     . . .     Spirit   .   f - +0 chain mail
rPois    .         Reflect  +   c - +0 helmet
rElec    .         Harm     .   (no cloak)
rCorr    .         Rampage  .   (no gloves)
Will     .....                  (no boots)
Stlth    ..........             g - amulet of reflection
HPRegen  0.15/turn              (no ring)
MPRegen  0.10/turn              (no ring)

@: very slightly contaminated, invisible
A: change form in water, swift swim, stealthy swim
a: Renounce Religion


You were on level 5 of the Dungeon.
You worshipped Qazlal.
Qazlal was noncommittal.
You visited 2 branches of the dungeon, and saw 6 of its levels.

You collected 209 gold pieces.

Inventory:

Hand Weapons
 a - a +0 trident (weapon)
 b - a +0 scimitar
Missiles
 d - 2 throwing nets (quivered)
Armour
 c - a +0 helmet (worn)
 f - a +0 chain mail (worn)
 p - a +0 buckler (worn)
Jewellery
 g - an amulet of reflection (around neck)
 q - a cursed amulet of magic regeneration
Wands
 n - a wand of iceblast (5)
Scrolls
 h - 3 scrolls of teleportation
 k - 2 scrolls of magic mapping
 r - a scroll of identify


   Skills:
 + Level 3.0 Fighting
 + Level 7.3 Polearms
 + Level 2.1 Throwing
 + Level 1.5 Armour
 + Level 5.1 Dodging
 + Level 1.8 Shields


You had 5 spell levels left.
You didn't know any spells.
Your spell library was empty.

Dungeon Overview and Level Annotations

Branches:
Dungeon (5/15)             Temple (1/1) D:4

Altars:
Ashenzari
Cheibriados
Dithmenos
Elyvilon
Fedhas
Gozag
Hepliaklqana
Kikubaaqudgha
Makhleb
Nemelex Xobeh
Okawaru
Qazlal
Ru
Sif Muna
Trog
Uskayaw
Vehumet
Wu Jian
Xom
Yredelemnul
Zin
The Shining One

Annotations:
D:5 Eustachio


Message History

* * * LOW HITPOINT WARNING * * *
You barely miss the river rat.
The river rat is lightly wounded.
The river rat completely misses you. The river rat barely misses you.
You block the quokka's attack.
You hit the river rat but do no damage.
The river rat is lightly wounded.
The river rat bites you.
* * * LOW HITPOINT WARNING * * *
The river rat closely misses you. You block Eustachio's attack.
You hit the river rat.
The river rat is heavily wounded.
The river rat bites you.
* * * LOW HITPOINT WARNING * * *
The quokka barely misses you. You block Eustachio's attack.
You completely miss the river rat.
The river rat is heavily wounded.
You hear the slow hiss of a distant avalanche of sand.
The river rat bites you.
You die...

###### ##
###....####...
#......r......
#.....@r....#
#.....@r.####
#....#####
#..### #.# #..
#.# .. .$#


You could see Eustachio, 2 river rats and a quokka (summoned).

Vanquished Creatures
  A howler monkey (D:4)
  A hound (D:4)
  A worker ant (D:4)
  A hound zombie (D:4)
  A hound skeleton (D:4)
  4 worker ant zombies (D:4)
  A howler monkey zombie (D:4)
  4 adders
  An adder zombie (D:4)
  4 worms
  A dart slug (D:4)
  3 leopard geckos
  3 orcs
  2 ball pythons
  6 bats
  2 giant cockroaches
  6 goblins
  8 hobgoblins
  2 quokkas
  5 frilled lizards
  3 kobolds
  A leopard gecko skeleton (D:4)
  A leopard gecko zombie (D:4)
  2 quokka skeletons (D:4)
  3 rats
67 creatures vanquished.

Vanquished Creatures (others)
  4 withered plants (D:4)
4 creatures vanquished.

Grand Total: 71 creatures vanquished

Notes
Turn   | Place    | Note
-------+----------+-------------------------------------------
     0 | D:1      | seveneves the Merfolk Gladiator began the quest for the
                  | Orb.
     0 | D:1      | Reached XP level 1. HP: 16/16 MP: 1/1
   185 | D:1      | Reached XP level 2. HP: 22/22 MP: 2/2
   720 | D:2      | Reached skill level 5 in Polearms
   720 | D:2      | Reached XP level 3. HP: 11/27 MP: 3/3
   910 | D:2      | Found a faded altar of an unknown god.
  1516 | D:3      | Reached skill level 5 in Dodging
  1516 | D:3      | Reached XP level 4. HP: 32/34 MP: 4/4
  2002 | D:3      | Found a broken altar of Ashenzari.
  2114 | D:4      | Reached skill level 6 in Polearms
  2132 | D:4      | Reached XP level 5. HP: 28/39 MP: 5/5
  2213 | D:4      | Reached skill level 1 in Shields
  2264 | D:4      | Reached skill level 1 in Armour
  2450 | D:4      | Found a staircase to the Ecumenical Temple.
  2458 | D:4      | Reached skill level 7 in Polearms
  2458 | D:4      | Reached XP level 6. HP: 13/47 MP: 6/6
  2480 | D:4      | HP: 2/47 [poisoned by a worker ant]
  2680 | Temple   | Entered the Ecumenical Temple
  2737 | Temple   | Became a worshipper of Qazlal Stormbringer
  2930 | D:5      | Entered Level 5 of the Dungeon
  2930 | D:5      | Noticed Eustachio
  2981 | D:5      | HP: 1/47 [river rat[Eustachio] (5)]
  2982 | D:5      | Slain by a river rat

Illustrated notes

Levels and vault maps discovered:
D:1:      minmay_arrival_cross, layout_basic, chequers_serial_rivers_large_a,
          serial_bayou_crossing
D:2:      layout_basic, chequers_ecumenical_altar_simple
D:3:      layout_basic, ashenzari_altar_1
D:4:      layout_basic, minmay_temple_entry_glass, serial_undead,
          serial_undead_f, serial_undead_d, serial_undead_d, serial_undead_b
D:5:      layout_layer_cave, enter_ossuary_5, uniq_eustachio
Temple:   kilobyte_greek_temple

Skill      XL: |  1  2  3  4  5 |
---------------+----------------+-----
Polearms       | 5 6 7 |  7.3
Dodging        | 5 |  5.1
Shields        | 1 |  1.8
Armour         | 1 |  1.5
Fighting       | 3 |  3.0
Throwing       | |  2.1

Action                   |  1- 3 |  4- 6 || total
-------------------------+-------+-------++-------
Melee: Trident           |   144 |   257 ||   401
Throw: Throwing net      |       |     1 ||     1
  Use: Scroll            |     3 |     4 ||     7
       Potion            |       |     7 ||     7
Armor: Chain mail        |    70 |   107 ||   177
       Leather armour    |     3 |       ||     3
       Skin              |       |     4 ||     4
Dodge: Dodged            |    69 |    76 ||   145
Block: Other             |    25 |     8 ||    33
       Buckler           |       |    97 ||    97
       Reflection        |       |     1 ||     1
